 Dungeon Crawl Stone Soup version 0.14-a0-1613-gd720e3e (webtiles) character file.

8897 M4edhros the Quickloader (level 11, -1/63 HPs)
             Began as an Octopode Hunter on Dec 25, 2013.
             Was an Elder of Fedhas.
             Slain by a scroll of magic mapping mimic (6 damage)
             ... on Level 12 of the Dungeon.
             The game lasted 00:24:51 (10312 turns).

M4edhros the Quickloader (Octopode Hunter)         Turns: 10312, Time: 00:24:51

HP  -1/63        AC  1     Str 13      XL: 11   Next: 28%
MP  24/24        EV 14     Int 16      God: Fedhas [****..]
Gold 602         SH  0     Dex 13      Spells:  3 memorised,  3 levels left

rFire  + . .     SeeInvis .     r - +4,+0 trident (slay drac)
rCold  . . .     Clarity  .     (no shield)
rNeg   + . .     Conserve .     (helmet restricted)
rPois  .         rCorr    .     (no amulet)
rElec  .         rRot     .     j - ring of protection from fire
SustAb . .       Spirit   .     p - ring of wizardry
rMut   .         Warding  .     E - ring of sustenance
Saprov . . .     Stasis   .     v - ring of positive energy
                                k - +1 ring of strength
                                (no ring)
                                (no ring)
                                (no ring)

@: mildly poisoned, drained, somewhat resistant to hostile enchantments,
stealthy
A: almost no armour, amphibious, 8 rings, constrict 8, camouflage 1, carnivore
1, deformed body, spit poison 1, gelatinous body 1
a: Spit Poison, Evolution, Sunlight, Growth, Reproduction, Renounce Religion


You were on level 12 of the Dungeon.
You worshipped Fedhas.
Fedhas was greatly pleased with you.
You were not hungry.

You visited 2 branches of the dungeon, and saw 13 of its levels.

You collected 602 gold pieces.

Inventory:

Hand weapons
 a - a +0,+0 short sword
 b - a +5,+2 crossbow
 r - a +4,+0 trident of dragon slaying (weapon)
Missiles
 c - 4 bolts
Magical devices
 m - a wand of paralysis (12)
 z - a wand of digging (8)
 A - a wand of magic darts (12)
 F - a wand of random effects (7)
 M - a wand of digging (6)
 P - a wand of paralysis (16)
 R - a wand of flame (1)
 S - a wand of enslavement (10)
 W - a wand of disintegration (2)
Comestibles
 f - 9 bread rations
 h - 2 meat rations
 C - 15 grapes
 Q - a choko
 U - a pear
Scrolls
 e - 2 scrolls of magic mapping
 i - 6 scrolls of remove curse
 l - 2 scrolls of enchant armour
 o - a scroll of curse armour {unknown}
 s - 2 scrolls of amnesia
 w - 3 scrolls of recharging
 y - 2 scrolls of fog
 B - 2 scrolls of fear
 H - a scroll of enchant weapon II
 I - 4 scrolls of teleportation
 L - 2 scrolls of blinking
 N - a scroll of noise
 T - a scroll of enchant weapon I
 V - a scroll of identify
Jewellery
 j - a ring of protection from fire (left tentacle)
 k - a +1 ring of strength (on tentacle)
 p - a ring of wizardry (right tentacle)
 v - a ring of positive energy (on tentacle)
 x - an uncursed amulet of resist mutation
 E - a ring of sustenance (on tentacle)
Potions
 d - 3 potions of might
 n - 4 potions of curing
 t - a potion of brilliance
 u - 2 potions of restore abilities
 G - a potion of degeneration
 K - a potion of speed
 X - a potion of berserk rage
 Y - a potion of agility {unknown}
Books
 g - a book of the Sky

   Spells                             Type                      Level
   Flight                             Charms/Air                   3
   Airstrike                          Air                          4
   Silence                            Hexes/Air                    5
   Deflect Missiles                   Charms/Air                   6
   Conjure Ball Lightning             Conjuration/Air              6
   Tornado                            Air                          9
 q - a book of Envenomations

   Spells                             Type                      Level
   Spider Form                        Transmutation/Poison         3
   *Poison Weapon                     Charms/Poison                3
   Summon Scorpions                   Summoning/Poison             4
   Olgreb's Toxic Radiance            Poison                       4
   Poisonous Cloud                    Conjuration/Poison/Air       6
 D - a book of War Chants

   Spells                             Type                      Level
   Fire Brand                         Charms/Fire                  2
   Freezing Aura                      Charms/Ice                   2
   Shroud of Golubria                 Charms/Translocation         2
   Repel Missiles                     Charms/Air                   2
   *Poison Weapon                     Charms/Poison                3
   *Regeneration                      Charms/Necromancy            3
 O - the Collected Works on Frigorific Combat Magic
   (You found it on level 7 of the Dungeon)

   Spells                             Type                      Level
   *Sting                             Conjuration/Poison           1
   Magic Dart                         Conjuration                  1
   Freezing Aura                      Charms/Ice                   2
   Ice Form                           Ice/Transmutation            4
   Freezing Cloud                     Conjuration/Ice/Air          6
   Bolt of Cold                       Conjuration/Ice              6


   Skills:
 - Level 1.0(0.5) Fighting
 + Level 12.4(11.7) Crossbows
 + Level 5.2(4.6) Dodging
 - Level 1.3(0.7) Stealth
 - Level 6.1(5.5) Charms
 - Level 4.0(3.4) Poison Magic
 * Level 9.4(8.7) Invocations


You had 3 spell levels left.
You knew the following spells:

 Your Spells              Type           Power        Failure   Level  Hunger
a - Poison Weapon         Chrm/Pois      ##........   4%          3    ####...
b - Regeneration          Chrm/Necr      #.........   11%         3    ####...
c - Sting                 Conj/Pois      #...         5%          1    ##.....


Dungeon Overview and Level Annotations

Branches:
Dungeon (12/16)            Temple (1/1) D:6            Lair (0/8) D:10
    Orc: D:9-12

Altars:
Ashenzari
Cheibriados
Elyvilon
Fedhas
Kikubaaqudgha
Makhleb
Nemelex Xobeh
Okawaru
Sif Muna
Trog
Vehumet
Xom
Yredelemnul
Zin
the Shining One

Shops:
D:10 !

Annotations:
D:9 exclusion: orange crystal statue


Innate Abilities, Weirdness & Mutations

You cannot wear most types of armour.
You are amphibious.
You can wear up to eight rings at the same time.
You can use your tentacles to constrict many enemies at once.
Your skin changes colour to match your surroundings (Stlth).
Your rubbery body absorbs attacks (AC +1).
Your digestive system is specialised to digest meat.
Your body is misshapen.
You can spit poison.


Message History

You constrict the scroll of magic mapping mimic.
The scroll of magic mapping mimic misses you.
The scroll of magic mapping mimic hits you!
You are poisoned.
The scroll of magic mapping mimic poisons you!
The scroll of magic mapping mimic hits you.
The scroll of magic mapping mimic hits you!
* * * LOW HITPOINT WARNING * * *
You are more poisoned.
The scroll of magic mapping mimic poisons you!
You hit the scroll of magic mapping mimic but do no damage.
The scroll of magic mapping mimic is severely damaged.
* * * LOW HITPOINT WARNING * * *
You feel sick.
You constrict the scroll of magic mapping mimic.
The scroll of magic mapping mimic hits you!
* * * LOW HITPOINT WARNING * * *
The scroll of magic mapping mimic hits you.
You die...
Fedhas appreciates your contribution to the ecosystem.

###### #########
#....#######.......#
+.?@.'f.f.['.......+
#....#######.......#
#....# #.......#
#(...# #.......#
#....# #.......#
###+## ####'#### #.#
#.## #..#


You could see a scroll of magic mapping mimic and 2 friendly wandering
mushrooms.

Vanquished Creatures
  Josephine (D:11)
  Maurice (D:8)
  A troll (D:10)
  Eustachio (D:8)
  A hippogriff (D:10)
  A merfolk (D:9)
  2 manticores
  2 phantoms
  An ice beast (D:8)
  2 sky beasts
  A black bear (D:8)
  3 ogres
  2 orc warriors (D:10)
  A dwarf (D:11)
  4 centaurs
  The ghost of M4edhros the Bolt Thrower, an average OpWn (D:3)
  The ghost of M4edhros the Stinger, an average OpWn (D:4)
  Duvessa (D:7)
  7 giant frogs
  A crocodile (D:10)
  An eye of draining (D:11)
  A gnoll sergeant (D:9)
  A killer bee (D:10)
  4 crimson imps
  2 goliath beetles
  3 vampire bats (D:9)
  4 orc priests
  Dowan (D:7)
  A giant frog skeleton (D:6)
  2 jellies
  3 centaur skeletons
  4 hounds
  A big fish (D:9)
  2 iguanas
  9 orc wizards
  5 worker ants
  A crocodile skeleton (D:9)
  An ogre skeleton (D:6)
  7 adders
  A big fish zombie (D:3)
  5 gnolls (D:9)
  A giant mite (D:6)
  An inept feature mimic (D:6)
  9 worms
  3 iguana skeletons
  An adder skeleton (D:4)
  A giant eyeball (D:11)
  5 giant geckos
  2 oozes
  22 orcs
  3 ball pythons
  A bat zombie (D:3)
  6 giant cockroaches
  11 hobgoblins
  18 kobolds
  A quokka (D:11)
  28 bats
  5 giant newts
  12 goblins
  2 hobgoblin skeletons (D:4)
  10 jackals
  A quokka skeleton (D:5)
  10 rats
  2 rat skeletons
249 creatures vanquished.

Vanquished Creatures (collateral kills)
  Harold (D:11)
  2 hill giants
  An elephant (D:10)
  Sonja (D:10)
  A hydra skeleton (D:11)
  A two-headed ogre (D:9)
  A hippogriff (D:11)
  A hill giant skeleton (D:12)
  An orc warrior (D:10)
  A phantom (D:7)
  A crocodile (D:10)
  2 sky beasts
  A dwarf (D:11)
  A giant frog (D:10)
  2 agate snails (D:10)
  A komodo dragon skeleton (D:11)
  A big kobold (D:10)
  A cyclops skeleton (D:10)
  2 yak skeletons
  2 crimson imps
  A goliath beetle (D:11)
  4 orc wizards
  A hound (D:10)
  An iguana (D:10)
  An ogre skeleton (D:11)
  A gnoll (D:9)
  An iguana skeleton (D:11)
  12 orcs
  A bat (D:9)
  5 kobolds (D:10)
  A rat (D:10)
54 creatures vanquished.

Vanquished Creatures (others)
  3 necrophages
  2 killer bees (D:10)
  A giant frog skeleton (D:11)
  A killer bee zombie (D:11)
  A worker ant zombie (D:6)
  A giant eyeball (D:10)
  2 giant spores (D:10)
  5 wandering mushrooms
  A fungus (D:10)
  130 toadstools
147 creatures vanquished.

Grand Total: 450 creatures vanquished

Notes
Turn   | Place    | Note
--------------------------------------------------------------
     0 | D:1      | M4edhros, the Octopode Hunter, began the quest for the Orb.
     0 | D:1      | Reached XP level 1. HP: 13/13 MP: 1/1
   117 | D:1      | Reached XP level 2. HP: 18/18 MP: 2/2
   523 | D:1      | Reached XP level 3. HP: 23/23 MP: 3/3
   841 | D:2      | Reached skill level 5 in Crossbows
  1138 | D:2      | Reached XP level 4. HP: 24/28 MP: 4/4
  1645 | D:3      | Reached skill level 6 in Crossbows
  1653 | D:3      | Noticed M4edhros' ghost (average OpWn)
  1657 | D:3      | Killed M4edhros' ghost
  1657 | D:3      | Reached XP level 5. HP: 31/33 MP: 5/5
  1870 | D:3      | Found an ancient bone altar of Kikubaaqudgha.
  2228 | D:4      | Reached skill level 7 in Crossbows
  2350 | D:4      | Reached XP level 6. HP: 38/38 MP: 6/6
  2422 | D:4      | Noticed M4edhros' ghost (average OpWn)
  2427 | D:4      | Killed M4edhros' ghost
  2495 | D:4      | Noticed an ogre
  2497 | D:4      | Killed an ogre
  2497 | D:4      | Reached skill level 8 in Crossbows
  2591 | D:5      | Entered Level 5 of the Dungeon
  2751 | D:5      | Reached XP level 7. HP: 43/43 MP: 7/7
  2999 | D:5      | Gained mutation: You can spit poison. [potion of mutation]
  2999 | D:5      | Gained mutation: Your digestive system is specialised to digest meat. [potion of mutation]
  2999 | D:5      | Gained mutation: Your body is misshapen. [potion of mutation]
  3182 | D:5      | Reached skill level 9 in Crossbows
  3468 | D:6      | Found a staircase to the Ecumenical Temple.
  3498 | Temple   | Entered the Ecumenical Temple
  3570 | Temple   | Became a worshipper of Fedhas Madash
  3668 | D:6      | Reached XP level 8. HP: 33/48 MP: 8/8
  3943 | D:6      | Reached skill level 10 in Crossbows
  4190 | D:6      | Learned a level 3 spell: Poison Weapon
  4210 | D:6      | Acquired Fedhas' first power
  4409 | D:6      | Learned a level 3 spell: Regeneration
  4586 | D:6      | Found an iron altar of Okawaru.
  4619 | D:6      | Found a burning altar of Makhleb.
  4622 | D:6      | Found a shimmering altar of Xom.
  4625 | D:6      | Found a shattered altar of Ashenzari.
  4858 | D:6      | Reached skill level 1 in Charms
  4858 | D:6      | Reached skill level 1 in Poison Magic
  4951 | D:6      | Found a blossoming altar of Fedhas.
  5087 | D:7      | Reached skill level 11 in Crossbows
  5144 | D:7      | Noticed Dowan
  5146 | D:7      | Noticed Duvessa
  5147 | D:7      | Killed Dowan
  5424 | D:7      | Killed Duvessa
  5424 | D:7      | Reached skill level 1 in Invocations
  5450 | D:7      | Reached XP level 9. HP: 40/53 MP: 11/11
  5647 | D:7      | Identified the Collected Works on Frigorific Combat Magic
  5650 | D:7      | Learned a level 1 spell: Sting
  5886 | D:8      | Acquired Fedhas' second power
  6120 | D:8      | Noticed Maurice
  6133 | D:8      | Killed Maurice
  6252 | D:8      | Noticed Eustachio
  6258 | D:8      | Killed Eustachio
  6517 | D:9      | Found a white marble altar of Elyvilon.
  6555 | D:9      | Found a sparkling altar of Nemelex Xobeh.
  6628 | D:9      | Reached skill level 5 in Charms
  6779 | D:9      | Reached XP level 10. HP: 13/58 MP: 18/18
  7113 | D:9      | Reached skill level 5 in Invocations
  7266 | D:9      | Acquired Fedhas' third power
  7432 | D:10     | Entered Level 10 of the Dungeon
  7502 | D:10     | Found an iron altar of Okawaru.
  7519 | D:10     | Found Rybeel's Distillery.
  7596 | D:10     | Noticed an elephant
  7607 | D:10     | Killed an elephant
  7634 | D:10     | Found a staircase to the Lair.
  7850 | D:10     | Noticed Sonja
  7887 | D:10     | Noticed a hill giant
  8229 | D:10     | Reached skill level 12 in Crossbows
  8230 | D:10     | Acquired Fedhas' fourth power
  8308 | D:10     | Killed Sonja
  8319 | D:10     | Killed a hill giant
  8627 | D:11     | Noticed a hill giant
  8636 | D:11     | Killed a hill giant
  8640 | D:11     | Reached XP level 11. HP: 28/63 MP: 23/23
  8650 | D:11     | Found an iron altar of Okawaru.
  8850 | D:11     | Noticed Harold
  8880 | D:11     | Killed Harold
  9125 | D:11     | Paralysed by a giant eyeball for 4 turns
  9428 | D:11     | Noticed Josephine
  9476 | D:11     | Killed Josephine
  9476 | D:11     | Reached skill level 5 in Dodging
 10312 | D:12     | Slain by a scroll of magic mapping mimic

Action                   |  1- 3 |  4- 6 |  7- 9 | 10-12 || total
-------------------------+-------+-------+-------+-------++-------
Melee: Crossbow          |       |       |     1 |       ||     1
       Trident           |       |       |       |    60 ||    60
       Short sword       |       |       |       |    27 ||    27
 Fire: Crossbow          |    66 |   122 |   294 |   150 ||   632
 Cast: Poison Weapon     |       |       |     4 |       ||     4
       Regeneration      |       |       |       |     1 ||     1
Invok: Evolution         |       |       |     2 |     6 ||     8
       Sunlight          |       |       |     2 |     2 ||     4
       Growth            |       |       |       |     1 ||     1
 Abil: Spit Poison       |       |       |       |     2 ||     2
Evoke: Wand              |       |       |       |     5 ||     5
  Use: Scroll            |       |       |    26 |     2 ||    28
       Potion            |       |       |     7 |     6 ||    13
 Stab: Sleeping          |       |       |       |     2 ||     2
